 Dungeon Crawl Stone Soup version 0.22.0-38-g04b72b8c25 (webtiles) character file.

17021 spandex3 the Basher (level 12, -2/92 HPs)
             Began as a Demonspawn Abyssal Knight on Aug 29, 2018.
             Was a High Priest of Lugonu.
             Killed from afar by a frost giant (41 damage)
             ... with a bolt of cold
             ... in an ice cave.
             The game lasted 02:07:36 (11159 turns).

spandex3 the Basher (Demonspawn Abyssal Knight)    Turns: 11159, Time: 02:07:37

Health: -2/92      AC: 14    Str: 15    XL:     12   Next: 15%
Magic:  18/18      EV: 10    Int: 13    God:    Lugonu [*****.]
Gold:   231        SH:  0    Dex: 21    Spells: 17/20 levels left

rFire    . . .     SeeInvis .   F - +4 dire flail
rCold    . . .     Gourm    .   (shield currently unavailable)
rNeg     . . .     Faith    .   t - +0 plate armour
rPois    +         Spirit   .   (helmet unavailable)
rElec    .         Reflect  .   l - +1 cloak
rCorr    .         Harm     .   (no gloves)
MR       +....                  (no boots)
Stlth    ..........             r - amulet of regeneration
HPRegen  0.65/turn              s - ring of protection from magic
MPRegen  0.16/turn              H - ring of poison resistance

@: agile, hasted, very quick
A: claws 2, horns 3, powered by death 3, spiny 1
a: Depart the Abyss, Bend Space, Banish, Corrupt, Enter the Abyss, Renounce
Religion


You were in an ice cave.
You worshipped Lugonu.
Lugonu was extremely pleased with you.
You were not hungry.

You visited 2 branches of the dungeon, and saw 11 of its levels.
You visited the Abyss 1 time.
You also visited: Ossuary and Ice Cave.

You collected 897 gold pieces.
You spent 666 gold pieces at shops.

Inventory:

Hand Weapons
 F - a +4 dire flail (weapon)
Missiles
 h - 443 stones (quivered)
 C - 9 tomahawks
Armour
 l - a +1 cloak (worn)
 t - a +0 plate armour (worn)
Jewellery
 g - an uncursed amulet of guardian spirit
 r - an amulet of regeneration (around neck)
 s - a ring of protection from magic (left claw)
 H - a ring of poison resistance (right claw)
 I - an uncursed ring of see invisible
 J - an uncursed ring of protection from fire
 L - an uncursed ring of magical power {unknown}
Wands
 m - a wand of flame (28)
 w - a wand of acid (10)
 E - a wand of iceblast (8)
 G - a wand of disintegration (28)
 K - a wand of random effects (40)
Scrolls
 j - 3 scrolls of teleportation
 u - a scroll of vulnerability
 v - 6 scrolls of amnesia
 x - 3 scrolls of enchant weapon
 y - a scroll of magic mapping
 D - a scroll of enchant armour
 M - a scroll of remove curse
Potions
 b - 2 potions of ambrosia
 d - 2 potions of lignification
 i - a potion of cancellation
 o - a potion of curing
 p - 5 potions of flight
 q - 3 potions of brilliance
 A - a potion of invisibility
 B - 3 potions of magic
Comestibles
 a - 4 chunks of flesh
 c - 17 rations


   Skills:
 + Level 7.8 Fighting
 - Level 14.0 Maces & Flails
 - Level 5.0 Throwing
 * Level 4.0 Armour
 - Level 0.8 Dodging
 - Level 0.1 Stealth
 - Level 4.5 Spellcasting
 - Level 5.5 Hexes
 - Level 2.4 Invocations


You had 17 spell levels left.
You knew the following spells:

 Your Spells              Type           Power        Failure   Level  Hunger
a - Confuse               Hex            ###.....     99%         3    ###....

Your spell library contained the following spells:

 Spells                   Type           Power        Failure   Level  Hunger
 Corona                   Hex            ###....      82%         1    None
 Tukima's Dance           Hex            ###.....     99%         3    ###....
 Ensorcelled Hibernation  Hex/Ice        ##....       100%        2    ##.....
 Dazzling Spray           Conj/Hex       ##....       100%        3    ###....


Dungeon Overview and Level Annotations

Branches:
Dungeon (10/15)            Temple (0/1) D:6            Lair (1/6) D:10
    Orc (0/2) D:10

Altars:
Cheibriados
Gozag
Makhleb
Uskayaw
Vehumet

Shops:
D:8 *   D:9 *

Annotations:
D:7 exclusion: statue


Innate Abilities, Weirdness & Mutations

You have very sharp fingernails.
You have a pair of large horns on your head.
You regenerate a lot of health from kills.
You are partially covered in sharp spines.


Message History

You hit the frost giant.
You headbutt the frost giant, but do no damage.
The frost giant is moderately wounded.
You completely miss the frost giant.
The frost giant is moderately wounded.
Your plate armour prevents you from hitting the frost giant.
You headbutt the frost giant, but do no damage.
The frost giant is moderately wounded.
The frost giant hits you with a battleaxe of freezing!
The frost giant freezes you!
Press: ? - help, Shift-Dir - straight line, f - frost giant
Aim: a frost giant, wielding a battleaxe of freezing (moderately wounded, chance to defeat MR: 32%)
You fail to use your ability.
There isn't anything here!
Press: ? - help, Shift-Dir - straight line, f/p - frost giant
Aim: a frost giant, wielding a battleaxe of freezing (moderately wounded, chance to defeat MR: 32%)
You fail to use your ability.
The frost giant casts a spell at you. The bolt of cold hits you!
You die...

##.# #.h.####
$#h.Ch#.# #
...Y.Y#.## ##.
#h.#.## #.##
##.##.# #..#
#####h##
##..##
##..#.##
##....#
#...#..#
#..C@.##
##.##...#
##..#...#
#..###⌠.#
#..###..##
#Y###..####.##
##..# #..#####
#..# ##.#
##...## ##..#
##.# ..#...#
#h.## #.##
#[#h..# #C##
#.## ####hC##
#..# #..#


You could see a frost giant.

Vanquished Creatures
  The ghost of P0WERM0DE the Cleaver, a novice DsFi of Makhleb (D:10)
  2 death yaks (IceCv)
  A two-headed ogre (D:10)
  Pikel (D:6)
  Maurice (D:8)
  An ice statue (IceCv)
  Grinder (D:5)
  A troll (D:9)
  13 polar bears (IceCv)
  5 hippogriffs
  2 wyverns (D:9)
  22 yaks
  Grum (D:9)
  3 hungry ghosts
  3 orc warriors
  A black bear (D:10)
  A hornet zombie (D:6)
  A necrophage (D:7)
  8 ogres
  2 ice beasts
  A phantom (D:7)
  18 wolves
  2 centaurs
  4 bullfrogs
  A scorpion (D:7)
  15 killer bees
  3 wights (D:6)
  A howler monkey (D:7)
  An electric eel (D:10)
  2 crimson imps
  A quasit (D:7)
  A jelly (D:7)
  An orc priest (D:9)
  5 hounds
  3 orc wizards
  4 iguanas
  Crazy Yiuf (D:2)
  A bullfrog skeleton (D:8)
  Natasha (thrice) (D:3)
  5 worker ants
  A big kobold zombie (Ossuary)
  A hound zombie (D:5)
  A hound skeleton (D:5)
  3 mummies (Ossuary)
  4 gnolls (D:6)
  4 adders
  2 shadow imps
  2 adder skeletons
  3 adder zombies
  4 worms
  3 dart slugs
  5 leopard geckos
  48 orcs
  2 giant cockroaches
  A gnoll zombie (Ossuary)
  3 hobgoblins
  16 jackals
  6 kobolds
  7 quokkas
  6 bats
  A frilled lizard (D:3)
  3 goblins
  6 goblin zombies (Ossuary)
  2 hobgoblin zombies (Ossuary)
  A jackal zombie (D:8)
  3 kobold zombies (Ossuary)
  2 leopard gecko skeletons
  2 quokka zombies
  3 rats
  3 rat zombies (Ossuary)
292 creatures vanquished.

Vanquished Creatures (others)
  A wolf (IceCv)
  A bullfrog (D:6)
  A worm (D:6)
3 creatures vanquished.

Grand Total: 295 creatures vanquished

Notes
Turn   | Place    | Note
-------+----------+-------------------------------------------
     0 | Abyss:1  | spandex3 the Demonspawn Abyssal Knight began the quest for the Orb.
     0 | Abyss:1  | Reached XP level 1. HP: 18/18 MP: 2/2
    38 | D:1      | Escaped the Abyss
   285 | D:1      | Reached * piety under Lugonu
   390 | D:1      | Reached skill level 2 in Maces & Flails
   390 | D:1      | Reached skill level 1 in Throwing
   399 | D:1      | Gained mutation: You are partially covered in sharp spines. [demonic ancestry]
   399 | D:1      | Reached XP level 2. HP: 23/24 MP: 3/3
  1015 | D:2      | Found a snail-covered altar of Cheibriados.
  1359 | D:2      | Found a runed door.
  1517 | D:2      | Found a faded altar of an unknown god.
  1706 | D:2      | Noticed Crazy Yiuf
  1726 | D:2      | Killed Crazy Yiuf
  1726 | D:2      | Reached skill level 3 in Maces & Flails
  1726 | D:2      | Reached XP level 3. HP: 8/29 MP: 1/4
  2103 | D:3      | Gained mutation: You have a pair of small horns on your head. [demonic ancestry]
  2103 | D:3      | Reached XP level 4. HP: 33/35 MP: 5/5
  2200 | D:3      | Noticed Natasha
  2214 | D:3      | Killed Natasha
  2389 | D:3      | Noticed Natasha
  2400 | D:3      | Killed Natasha
  2400 | D:3      | Reached skill level 4 in Maces & Flails
  2400 | D:3      | Gained mutation: You regenerate a little health from kills. [demonic ancestry]
  2400 | D:3      | Reached XP level 5. HP: 21/41 MP: 2/6
  2573 | D:3      | Found an opulent altar of Gozag.
  2722 | D:3      | Noticed Natasha
  2728 | D:3      | Killed Natasha
  2728 | D:3      | Reached ** piety under Lugonu
  2924 | D:4      | Noticed an ogre
  2932 | D:4      | Killed an ogre
  3011 | D:4      | Reached skill level 5 in Maces & Flails
  3011 | D:4      | Gained mutation: You have sharp fingernails. [demonic ancestry]
  3011 | D:4      | Reached XP level 6. HP: 47/47 MP: 7/7
  3400 | D:5      | Entered Level 5 of the Dungeon
  3428 | D:5      | Found a sand-covered staircase.
  3435 | Ossuary  | Entered an ossuary
  3716 | Ossuary  | Reached *** piety under Lugonu
  3891 | D:5      | Reached skill level 6 in Maces & Flails
  3891 | D:5      | Gained mutation: You regenerate health from kills. [demonic ancestry]
  3891 | D:5      | Reached XP level 7. HP: 48/52 MP: 8/8
  4068 | D:5      | Noticed a hand axe
  4069 | D:5      | Noticed a dagger
  4071 | D:5      | Found a hide-covered altar of Uskayaw.
  4299 | D:5      | Noticed Grinder
  4326 | D:5      | Killed Grinder
  4396 | D:5      | Reached skill level 7 in Maces & Flails
  4445 | D:5      | Gained mutation: You have very sharp fingernails. [demonic ancestry]
  4445 | D:5      | Reached XP level 8. HP: 57/58 MP: 9/9
  4706 | D:6      | Noticed Pikel
  4835 | D:6      | Reached skill level 5 in Throwing
  4840 | D:6      | Learned a level 3 spell: Confuse
  4950 | D:6      | Reached skill level 8 in Maces & Flails
  5516 | D:6      | Reached skill level 1 in Hexes
  5604 | D:6      | Killed Pikel
  5604 | D:6      | Reached skill level 9 in Maces & Flails
  5604 | D:6      | Gained mutation: You regenerate a lot of health from kills. [demonic ancestry]
  5604 | D:6      | Reached XP level 9. HP: 32/63 MP: 10/10
  5723 | D:6      | Reached **** piety under Lugonu
  5946 | D:6      | Found a staircase to the Ecumenical Temple.
  6156 | D:7      | Reached skill level 10 in Maces & Flails
  6279 | D:7      | Reached skill level 1 in Spellcasting
  6465 | D:7      | Found a radiant altar of Vehumet.
  6939 | D:7      | Reached skill level 11 in Maces & Flails
  7069 | D:8      | Noticed Maurice
  7093 | D:8      | Killed Maurice
  7170 | D:8      | Gained mutation: You have a pair of horns on your head. [demonic ancestry]
  7170 | D:8      | Reached XP level 10. HP: 51/67 MP: 11/13
  7731 | D:8      | Found Rinim Dih's Assorted Antiques.
  7739 | D:8      | Bought a scroll of identify for 60 gold pieces
  7739 | D:8      | Bought a scroll of remove curse for 90 gold pieces
  7996 | D:9      | Reached skill level 12 in Maces & Flails
  8070 | D:9      | Found a burning altar of Makhleb.
  8196 | D:9      | Noticed Grum
  8225 | D:9      | Killed Grum
  8428 | D:9      | Found Raotom's General Store.
  8436 | D:9      | Bought an uncursed ring of see invisible for 180 gold pieces
  8436 | D:9      | Bought an uncursed ring of protection from fire for 300 gold pieces
  8436 | D:9      | Bought a scroll of remove curse for 36 gold pieces
  8443 | D:9      | Learned a level 3 spell: Confuse
  8570 | D:10     | Entered Level 10 of the Dungeon
  9278 | D:10     | Noticed a two-headed ogre
  9345 | D:10     | Reached XP level 11. HP: 52/75 MP: 16/16
  9358 | D:10     | Killed a two-headed ogre
  9358 | D:10     | Reached skill level 13 in Maces & Flails
  9410 | D:10     | Found a staircase to the Orcish Mines.
  9465 | D:10     | Found a staircase to the Lair.
  9470 | D:10     | Reached skill level 5 in Fighting
  9759 | D:10     | Found a runed door.
  9760 | D:10     | Noticed P0WERM0DE's ghost (novice DsFi)
  9779 | D:10     | Killed P0WERM0DE's ghost
 10118 | Lair:1   | Entered Level 1 of the Lair of Beasts
 10151 | Lair:1   | Found a frozen archway.
 10161 | IceCv    | Entered an ice cave
 10241 | IceCv    | Reached skill level 5 in Hexes
 10454 | IceCv    | Reached ***** piety under Lugonu
 10741 | IceCv    | Noticed a death yak
 10794 | IceCv    | Killed a death yak
 10794 | IceCv    | Gained mutation: You have a pair of large horns on your head. [demonic ancestry]
 10794 | IceCv    | Reached XP level 12. HP: 35/91 MP: 18/18
 10795 | IceCv    | Reached skill level 14 in Maces & Flails
 10847 | IceCv    | Noticed a frost giant
 10847 | IceCv    | Noticed a death yak
 10859 | IceCv    | Killed a death yak
 11159 | IceCv    | Killed from afar by a frost giant

Skill      XL: |  1  2  3  4  5  6  7  8  9 10 11 12 |
---------------+-------------------------------------+-----
Maces & Flails | 2 3 4 5 6 7 9 11 12 13 14 | 14.0
Throwing       | 1 2 3 4 5 |  5.0
Hexes          | 1 3 4 5 |  5.5
Spellcasting   | 2 3 4 |  4.5
Fighting       | 4 7 |  7.8
Armour         | 3 4 |  4.0
Dodging        | |  0.8
Stealth        | |  0.1
Invocations    | |  2.4

Action                   |  1- 3 |  4- 6 |  7- 9 | 10-12 || total
-------------------------+-------+-------+-------+-------++-------
Melee: Mace              |    73 |   104 |       |       ||   177
       Headbutt          |       |    33 |    54 |   120 ||   207
       Flail             |       |    48 |   300 |   277 ||   625
       Dire flail        |       |       |       |   298 ||   298
Throw: Stone             |    11 |    25 |    43 |    60 ||   139
       Tomahawk          |       |    26 |    26 |     5 ||    57
Invok: Depart the Abyss  |     1 |       |       |       ||     1
       Bend Space        |       |       |     1 |     3 ||     4
Evoke: Wand              |       |       |       |     3 ||     3
  Use: Scroll            |     7 |     7 |     4 |     9 ||    27
       Potion            |     1 |     2 |     3 |    15 ||    21
 Stab: Distracted        |       |     1 |       |       ||     1
       Invisible         |       |       |       |     2 ||     2
  Eat: Chunk             |     4 |     5 |    13 |    14 ||    36
       Ration            |       |       |     3 |       ||     3
Armor: Leather armour    |    16 |       |       |       ||    16
       Ring mail         |    14 |       |       |       ||    14
       Plate armour      |    10 |    83 |   167 |   318 ||   578
       Skin              |       |     2 |       |       ||     2
Dodge: Dodged            |    47 |    17 |    45 |    70 ||   179
